Map: Lerilak Crest

Players

Grumm - Winner!

  • Race: Protoss Protoss
  • League: Gold

A.I. 1 (Harder)

  • Race: Zerg Zerg

VOD

Have the link to the VOD?

Description

Time

  • Played on: Jan. 2, 2016, 1:54 p.m.
  • Length: 10:22
Show
View Real Time Build Order
Export as new Build Order

Grumm Protoss - Winner!

Build Orders:  

Get SALT Encoding   

  12  0:01  Probe (Chrono Boost)  
  13  0:14  Pylon  
  13  0:18  Probe (Chrono Boost)  
  15  0:28  Probe (Chrono Boost)  
  15  0:34  Gateway  
  15  0:39  Probe (Chrono Boost)  
  16  0:46  Assimilator  
  16  0:49  Probe (Chrono Boost)  
  17  0:53  Assimilator  
  17  1:02  Pylon  
  17  1:05  Probe (Chrono Boost)  
  18  1:16  Probe (Chrono Boost)  
  19  1:20  Cybernetics Core  
  19  1:27  Zealot  
  21  1:34  Probe (Chrono Boost)  
  22  1:44  Probe (Chrono Boost)  
  23  1:52  Pylon  
  23  2:00  Robotics Facility  
  23  2:04  Warp Gate (Chrono Boost)  
  23  2:08  Probe  
  24  2:16  Adept  
  24  2:20  Probe  
  27  2:29  Pylon  
  27  2:36  Gateway  
  27  2:40  Probe  
  28  2:56  Immortal  
  32  3:00  Probe  
  33  3:10  Gateway  
  33  3:43  Nexus  
  33  3:47  Immortal (Chrono Boost)  
  37  3:56  Pylon  
  37  4:02  Zealot  
  39  4:06  Stalker  
  41  4:17  Gateway  
  41  4:29  Assimilator  
  41  4:31  Sentry  
  41  4:33  Pylon  
  41  4:35  Adept  
  45  4:55  Forge  
  45  5:06  Stalker  
  45  5:07  Pylon, Stalker  
  49  5:11  Zealot  
  51  5:15  Probe  
  51  5:16  Probe  
  53  5:30  Assimilator  
  53  5:31  Probe  
  53  5:32  Probe  
  53  5:34  Protoss Ground Weapons Level 1 (Chrono Boost)  
  55  5:36  Observer  
  55  5:41  Adept  
  58  5:44  Probe  
  59  5:50  Pylon  
  59  5:56  Probe x2  
  61  6:09  Zealot  
  61  6:10  Adept  
  65  6:13  Probe x2  
  67  6:21  Photon Cannon  
  67  6:29  Observer  
  68  6:34  Stalker  
  68  6:36  Zealot  
  72  6:47  Stalker  
  74  6:48  Zealot  
  74  6:51  Probe x2  
  78  6:58  Pylon  
  78  7:03  Probe  
  78  7:04  Probe  
  78  7:07  Immortal  
  84  7:16  Probe  
  84  7:17  Probe  
  86  7:28  Probe  
  86  7:29  Probe  
  88  7:41  Probe x2  
  88  7:42  Protoss Ground Armor Level 1 (Chrono Boost)  
  90  7:44  Photon Cannon  
  90  7:48  Robotics Bay  
  90  7:51  Pylon  
  90  7:53  Probe x2  
  66  8:58  Zealot  
  66  8:59  Zealot x3  
  73  9:17  Warp Prism  
  75  9:27  Stalker x2  
  75  9:28  Stalker x2  
  77  10:13  Zealot x2  
  77  10:14  Zealot x2  
Show
View Real Time Build Order
Export as new Build Order

A.I. 1 (Harder) Zerg 

Build Orders: Pool First 

Get SALT Encoding   

  12  0:00  Drone  
  13  0:12  Overlord  
  13  0:17  Drone  
  14  0:30  Drone x2  
  16  0:43  Spawning Pool  
  16  0:45  Drone  
  16  0:50  Drone  
  16  0:52  Extractor  
  16  0:55  Drone  
  17  1:06  Overlord  
  17  1:31  Zergling x2, Queen  
  20  1:38  Drone, Roach Warren  
  20  1:40  Extractor  
  20  1:43  Zergling x2  
  20  1:49  Drone  
  21  1:59  Drone  
  22  2:10  Lair  
  22  2:13  Drone  
  23  2:27  Drone  
  24  2:35  Overlord  
  24  3:09  Hydralisk Den  
  24  3:10  Drone  
  24  3:38  Lurker Den  
  24  3:39  Hydralisk  
  26  3:42  Overlord  
  26  3:51  Hydralisk  
  28  4:00  Drone  
  28  4:01  Drone x2, Overlord  
  31  4:03  Hydralisk  
  31  4:08  Drone  
  34  4:13  Drone  
  34  4:15  Drone, Hydralisk  
  38  4:28  Hydralisk  
  38  4:29  Baneling Nest  
  38  4:31  Drone, Evolution Chamber  
  39  4:40  Drone  
  39  4:44  Hydralisk  
  42  5:03  Hydralisk  
  42  5:04  Overlord, Lurker x2  
  46  5:16  Hydralisk  
  48  5:54  Overlord, Zerg Melee Weapons Level 1, Roach  
  50  6:01  Roach  
  50  6:03  Hatchery  
  51  6:08  Roach  
  53  6:15  Roach  
  55  6:22  Roach  
  55  6:29  Zergling x2  
  56  6:43  Muscular Augments  
  56  6:48  Spore Crawler  
  56  6:53  Spore Crawler  
  54  6:54  Drone  
  55  7:01  Burrow  
  55  7:06  Roach  
  57  7:13  Roach  
  57  7:15  Queen  
  59  7:16  Drone x2  
  59  7:17  Drone x2  
  65  7:23  Drone  
  65  7:24  Roach  
  65  7:27  Overlord  
  65  7:28  Extractor  
  65  7:29  Spine Crawler  
  66  7:31  Drone, Roach  
  66  7:35  Drone  
  66  7:36  Drone  
  71  7:46  Drone  
  71  7:47  Drone  
  73  7:56  Drone, Roach  
  73  7:57  Roach  
  76  7:59  Overlord  
  76  8:02  Drone  
  76  8:04  Drone  
  76  8:05  Overseer x2  
  78  8:08  Drone  
  78  8:09  Drone  
  67  8:19  Hydralisk  
  54  8:27  Roach  
  45  8:34  Hydralisk, Roach  
  45  8:39  Hydralisk  
  49  8:47  Roach  
  51  8:54  Zergling x2  
  43  9:00  Drone  
  43  9:02  Roach  
  39  9:04  Drone  
  39  9:09  Roach  
  36  9:16  Hydralisk, Queen  
  35  9:23  Hydralisk  
  33  9:35  Zergling x2  
  33  9:37  Drone  
  27  9:54  Drone  
  27  9:58  Hatchery  
Tags
 
League
Gold
Matchup
PvZ
Opening
Pool First
Replay Pack
sc2 replays 2016
Add a new tag
Caveats
  • Supply blocks, unpowered buildings, or Contaminate may cause inaccurate times.
  • Supply counts are checked every 10 seconds.